 Dungeon Crawl Stone Soup version 0.18-a0-921-g28655ce (webtiles) character file.

50 Keomo the Skirmisher (level 3, 0/33 HPs)
             Began as a Minotaur Berserker on Dec 26, 2015.
             Was a Believer of Trog.
             Slain by a centaur skeleton (1 damage)
             ... on level 5 of the Dungeon on Dec 27, 2015.
             The game lasted 00:17:41 (1905 turns).

Keomo the Skirmisher (Minotaur Berserker)           Turns: 1905, Time: 00:17:41

Health: 0/33       AC:  8    Str: 22    XL:     3   Next: 55%
Magic:  11/11      EV:  8    Int:  4    God:    Trog [**....]
Gold:   82         SH:  0    Dex:  9    Spells: 0 memorised, 2 levels left

rFire  . . .     SeeInvis .     a - +0 mace
rCold  . . .     Gourm    .     t - +0 chain mail
rNeg   . . .     Faith    .     (no shield)
rPois  .         Spirit   .     (helmet restricted)
rElec  .         Dismiss  .     (no cloak)
rCorr  .         Reflect  .     (no gloves)
SustAt .         Harm     .     (no boots)
MR     .....                    (no amulet)
Stlth  ..........               l - ring of magical power
                                j - ring of loudness (curse)

@: not resistant to hostile enchantments, extremely unstealthy
A: retaliatory headbutt, horns 2
a: Berserk, Trog's Hand, Burn Spellbooks, Renounce Religion


You were on level 5 of the Dungeon.
You worshipped Trog.
Trog was pleased with you.
You were not hungry.

You visited 1 branch of the dungeon, and saw 5 of its levels.

You collected 82 gold pieces.

Inventory:

Hand Weapons
 a - a +0 mace (weapon)
Missiles
 v - 44 sling bullets
 w - 68 stones (quivered)
 D - 8 exploding sling bullets
Armour
 b - a +0 animal skin
 d - a +0 leather armour
 n - a +0 ring mail
 t - a +0 chain mail (worn)
 A - a +0 leather armour
Jewellery
 j - a cursed ring of loudness (left hand)
 l - a ring of magical power (right hand)
 m - an uncursed ring of magical power
Scrolls
 e - a scroll of immolation {unknown}
 g - a scroll of noise {unknown}
 i - a scroll of teleportation {unknown}
 k - a scroll of enchant armour {unknown}
 o - 2 scrolls of magic mapping {unknown}
 B - 2 scrolls of fog {unknown}
Potions
 h - a potion of cancellation {unknown}
 p - 2 potions of curing {unknown}
 q - a potion of degeneration {unknown}
 r - a potion of cure mutation {unknown}
 s - a potion of mutation {unknown}
 u - a potion of might {unknown}
 x - a potion of berserk rage {unknown}
Comestibles
 c - a bread ration
 f - a slice of pizza
 z - 2 beef jerkies


   Skills:
 + Level 4.2 Fighting
 + Level 4.2 Maces & Flails
 + Level 2.7 Armour
 + Level 3.1 Dodging


You had 2 spell levels left.
You didn't know any spells.

Dungeon Overview and Level Annotations

Branches:
Dungeon (5/15)
 Temple: D:4-7

Altars:

Shops:
D:4 !*

Annotations:
D:1 exclusion: downstairs


Innate Abilities, Weirdness & Mutations

You reflexively headbutt those who attack you in melee.
You have a pair of horns on your head.


Message History

The jelly hits you but does no damage. The jelly closely misses you.
The jelly hits you but does no damage. Something hits you but does no damage.
The jelly hits you.
* * * LOW HITPOINT WARNING * * *
You are splashed with acid!
The acid burns!
* * * LOW HITPOINT WARNING * * *
The centaur skeleton hits you but does no damage.
Found 14 gold pieces.
The centaur skeleton barely misses you.
Found an escape hatch in the ceiling.
The jelly barely misses you.
A crimson imp comes into view.
The crimson imp shouts!
The centaur skeleton hits you.
* * * LOW HITPOINT WARNING * * *
Found 19 gold pieces.
The crimson imp hits you but does no damage.
The centaur skeleton hits you.
You die...

##### #........
#...........###........
##......................
........................
.......$...(............
.........# #.......#...#
...<.....###.......#.###
......................[.
.......@##.....=....#..#
......5Z##.#........#..#
.......J##.#...........#
#######....#........#.##
#.####........#..<
#H.....#+####.#...
#.$....#.....# #.$...
#.#.##.#####.# #. .. #+#


You could see a hippogriff, a jelly, a crimson imp and a centaur skeleton.

Vanquished Creatures
  2 adders
  A worm (D:3)
  A giant gecko (D:1)
  2 giant cockroaches (D:1)
  5 hobgoblins
  A kobold (D:1)
  A quokka (D:5)
  7 bats
  A giant newt (D:4)
  3 goblins
  4 rats
28 creatures vanquished.

Notes
Turn   | Place    | Note
--------------------------------------------------------------
     0 | D:1      | Keomo the Minotaur Berserker began the quest for the Orb.
     0 | D:1      | Reached XP level 1. HP: 19/19 MP: 0/0
   623 | D:1      | Reached XP level 2. HP: 25/27 MP: 1/1
  1471 | D:1      | Upgraded the game from 0.18-a0-917-g8a3da5b to 0.18-a0-921-g28655ce
  1486 | D:2      | Reached skill level 4 in Maces & Flails
  1531 | D:2      | Reached ** piety under Trog
  1538 | D:2      | Reached XP level 3. HP: 26/33 MP: 2/2
  1711 | D:4      | Found Piygiann's Assorted Antiques.
  1834 | D:4      | Found Vunos's Distillery.
  1874 | D:5      | Entered Level 5 of the Dungeon
  1874 | D:5      | Noticed a sky beast
  1874 | D:5      | Noticed a hippogriff
  1896 | D:5      | HP: 1/33 [acid (6)]
  1902 | D:5      | HP: 1/33 [centaur skeleton (1)]
  1905 | D:5      | Slain by a centaur skeleton

Vault maps used:
D:1:      mrwooster_arrival_arrow
D:2:      kennysheep_six_static_rooms, first_bread
D:4:      serial_shops, shop, nicolae_shop_statue_plus, gup_sewer_entry_bubbles,
          uniq_robin

Action                   || total
-------------------------++-------
Melee: Mace              ||    41
Throw: Stone             ||     2
  Eat: Bread ration      ||     1
